 Seeded DCSS version 0.30-a0-311-gf115ab0292 (webtiles) character file.

Game seed: 1182625571669892026 (custom seed)

526 purpskrrrp the Poker (level 7, 0/62 HPs)
             Began as a Minotaur Fighter on Oct 25, 2022.
             Killed from afar by Natasha (15 damage)
             ... with a bolt of dispelling energy
             ... on level 4 of the Dungeon.
             The game lasted 00:07:52 (3577 turns).

purpskrrrp the Poker (Minotaur Fighter)             Turns: 3577, Time: 00:07:53

Health: 0/62       AC:  9    Str: 29    XL:     7   Next: 2%
Magic:  6/6        EV:  9    Int:  5    God:
Gold:   52         SH:  4    Dex:  9    Spells: 6/6 levels left

rFire   . . .      SeeInvis .    d - +0 demon trident (vorpal)
rCold   . . .      Faith    .    c - +0 buckler
rNeg    + . .      Spirit   .    b - +0 scale mail
rPois   .          Reflect  .    (helmet restricted)
rElec   .          Harm     .    (no cloak)
rCorr   .          Rampage  .    (no gloves)
Will    .....                    v - +1 pair of boots
Stlth   ..........               (no amulet)
HPRegen 0.30/turn                y - ring of the Evening {rN+ Will- Str+6}
MPRegen 0.10/turn                (no ring)

@: no status effects
A: horns 2, retaliatory headbutt
a: no special abilities


You were on level 4 of the Dungeon.
You visited 1 branch of the dungeon, and saw 4 of its levels.

You collected 247 gold pieces.
You spent 195 gold pieces at shops.

Inventory:

Hand Weapons
 a - a +0 trident of protection
 d - a +0 vorpal demon trident (weapon)
Armour
 b - a +0 scale mail (worn)
 c - a +0 buckler (worn)
 v - a +1 pair of boots (worn)
Jewellery
 w - a ring of protection from fire
 y - the ring of the Evening (left hand) {rN+ Will- Str+6}
   (You found it on level 4 of the Dungeon)

   [ring of positive energy]

   Str:       It affects your strength (+6).
   rN:        It protects you from negative energy.
   Will:      It decreases your willpower.
Potions
 f - 4 potions of attraction
 g - 2 potions of lignification {unknown}
 h - 2 potions of resistance {unknown}
 i - a potion of curing {unknown}
 j - 3 potions of flight {unknown}
 o - a potion of berserk rage {unknown}
 p - 2 potions of brilliance {unknown}
 t - 2 potions of heal wounds {unknown}
 x - a potion of cancellation {unknown}


   Skills:
 + Level 5.8 Fighting
 * Level 6.7 Polearms
 + Level 5.6 Armour
 - Level 3.6 Shields


You had 6 spell levels left.
You didn't know any spells.
Your spell library contained the following spells:

 Spells                   Type           Power      Damage    Failure   Level
 Apportation              Tloc           0%         N/A       80%         1
 Freeze                   Ice            0%         1d3       80%         1
 Necrotise                Necr           0%         1d4       80%         1
 Summon Small Mammal      Summ           0%         N/A       80%         1
 Call Canine Familiar     Summ           0%         N/A       99%         3
 Frozen Ramparts          Ice            0%         1d1       99%         3
 Hailstorm                Conj/Ice       0%         3d3       99%         3
 Portal Projectile        Hex/Tloc       0%         N/A       99%         3
 Summon Guardian Golem    Hex/Summ       0%         N/A       99%         3
 Tukima's Dance           Hex            0%         N/A       99%         3
 Vampiric Draining        Necr           0%         2d6       99%         3
 Ice Form                 Ice/Tmut       0%         N/A       100%        4
 Summon Ice Beast         Ice/Summ       0%         N/A       100%        4
 Agony                    Necr           0%         N/A       100%        5
 Alistair's Intoxication  Tmut/Pois      0%         N/A       100%        5
 Blade Hands              Tmut           0%         N/A       100%        5


Dungeon Overview and Level Annotations

Branches:
Dungeon (4/15)
 Temple: D:4-7

Altars:
Qazlal
Uskayaw
The Shining One

Shops:
D:1 :   D:2 ?[(

Annotations:
D:4 Natasha


Innate Abilities, Weirdness & Mutations

You have a pair of horns on your head.
You reflexively headbutt those who attack you in melee.


Message History

You puncture the goblin!
You kill the goblin!
The goblin hits you but does no damage.
You barely miss the goblin. You headbutt the goblin.
You kill the goblin!
The goblin unwields a +0 club.
The goblin wields a +0 sling.
The goblin shoots a sling bullet.
The sling bullet hits you.
Reach: d) +0 demon trident (vorpal)
Press: ? - help, Dir - move target, f - goblin
Aim: a goblin, wielding a +0 sling (about 49% to evade your +0 vorpal demon trident)
You reach to attack!
You puncture the goblin!
You kill the goblin!
You start resting.
HP restored.
Items here: )))))) †.
Things that are here:
a +0 sling; a +0 club You open the door.
There is an open door here.
There is an open door here.
You see here a +0 club.
Natasha, Servant of Life and Death comes into view.
She is carrying a wand of quicksilver (13).
Natasha drinks a potion.
Natasha seems to speed up.
You see here a +0 dagger.
Natasha zaps a wand.
The bolt of dispelling energy hits you!
Natasha zaps a wand.
The bolt of dispelling energy hits you!
Natasha stares at you and mumbles some strange words.
You resist with significant effort.
Natasha zaps a wand.
The bolt of dispelling energy hits you!
You aren't carrying any scrolls.
You feel yourself speed up.
Natasha zaps a wand.
The bolt of dispelling energy hits you!
Your magical effects are unravelling.
* * * LOW HITPOINT WARNING * * *
Reach: d) +0 demon trident (vorpal)
Press: ? - help, Dir - move target
Okay, then.
You feel yourself slow down.
Natasha zaps a wand.
The bolt of dispelling energy hits you!
You die...

....#.................## #####
####......)...#####...# ###
#............#...#...#########..
#............#...#..)..##.......
#............#(.(#....))...#####
#............##)##)...######
#...........).).....#..#
###..................##'##
..............h.@....##..###
.....................##....#
.###..................#....# ###
##
#..................####.####..
##...................####.....
#............................
##.................#########.
##...............## ##
#......)........#


You could see Natasha (fast).

Vanquished Creatures
  Eustachio (D:4)
  Menkaure (D:4)
  An ogre (D:4)
  A scorpion (D:4)
  Natasha (D:4)
  5 adders
  3 dart slugs (D:1)
  4 endoplasms
  3 giant cockroaches
  18 goblins
  11 hobgoblins
  6 kobolds
  A quokka (D:4)
  6 ball pythons
  A bat (D:2)
  2 frilled lizards (D:2)
  8 rats
73 creatures vanquished.

Notes
Turn   | Place    | Note
-------+----------+-------------------------------------------
     0 | D:1      | purpskrrrp the Minotaur Fighter began the quest for the
                  | Orb.
     0 | D:1      | Reached XP level 1. HP: 19/19 MP: 0/0
    59 | D:1      | Reached XP level 2. HP: 27/27 MP: 1/1
    69 | D:1      | Reached skill level 3 in Polearms
   202 | D:1      | Found Ypuxix's Book Shoppe.
   535 | D:2      | Reached XP level 3. HP: 32/33 MP: 2/2
   593 | D:2      | Found Oclynaqa's Weapon Shoppe.
   837 | D:2      | Reached skill level 4 in Polearms
   857 | D:2      | Found Xaxzaa Elaz's Antique Armour Emporium.
   873 | D:2      | Found Faesaymy's Magic Scroll Shoppe.
   967 | D:2      | Reached XP level 4. HP: 32/40 MP: 3/3
  1450 | D:3      | Found a glowing golden altar of the Shining One.
  1450 | D:3      | Found a hide-covered altar of Uskayaw.
  1998 | D:4      | Noticed a scorpion
  2005 | D:4      | Killed a scorpion
  2006 | D:4      | Reached XP level 5. HP: 31/47 MP: 4/4
  2093 | D:4      | Found a stormy altar of Qazlal.
  2175 | D:4      | Reached skill level 5 in Polearms
  2258 | D:4      | Identified the ring of the Evening {rN+ Will- Str+6}
  2301 | D:4      | Noticed Eustachio
  2314 | D:4      | Killed Eustachio
  2315 | D:4      | Reached skill level 5 in Fighting
  2315 | D:4      | Reached skill level 5 in Armour
  2315 | D:4      | Reached XP level 6. HP: 56/56 MP: 5/5
  2468 | D:4      | Noticed Menkaure
  2468 | D:4      | Noticed Natasha
  2477 | D:4      | Killed Menkaure
  2478 | D:4      | Reached skill level 6 in Polearms
  2482 | D:4      | Killed Natasha
  3073 | D:2      | Bought a +0 demon trident for 195 gold pieces
  3453 | D:4      | Reached XP level 7. HP: 37/62 MP: 6/6
  3572 | D:4      | Noticed Natasha
  3577 | D:4      | Killed from afar by Natasha

Illustrated notes

Levels and vault maps discovered:
D:1:      zelgadis_glass_arrival_small, layout_basic, serial_shops,
          shop_fountains
D:2:      layout_basic, serial_shops, shop, nicolae_shop_behind_doors, shop,
          minmay_misc_feat_plants, chequers_serial_rivers_micro_c
D:3:      cheibrodos_greedy_goblins, layout_loops_ring,
          mainiacjoe_overflow_large_starburst
D:4:      layout_layer_cave, lemuel_coloured_pillars_altar,
          kennysheep_nondescript, minmay_ogre_servants, uniq_eustachio,
          uniq_menkaure, uniq_natasha, uniq_crazy_yiuf_cottage

Skill      XL: |  1  2  3  4  5  6 |
---------------+-------------------+-----
Polearms       | 3 4 5 6 |  6.7
Fighting       | 4 5 |  5.8
Armour         | 4 5 |  5.6
Shields        | |  3.6

Action                   |  1- 3 |  4- 6 |  7- 9 || total
-------------------------+-------+-------+-------++-------
Melee: Trident           |    89 |    83 |       ||   172
       Headbutt          |     6 |    10 |     1 ||    17
       Demon trident     |       |    17 |     5 ||    22
  Use: Scroll            |       |     9 |       ||     9
       Potion            |       |     1 |     1 ||     2
Armor: Scale mail        |    23 |    22 |     1 ||    46
Dodge: Dodged            |    33 |    44 |       ||    77
Block: Buckler           |    16 |     9 |     2 ||    27

Table legend: (Time is in decaauts)
 A = Elapsed time spent in this place.
 B = Non-inter-level travel time spent in this place.
 C = Inter-level travel time spent in this place.
 D = Time resting spent in this place.
 E = Time spent auto-exploring this place.
 F = Levels seen in this place.
 G = Mean time per level.
                   A        B        C        D        E       F      G
               +--------+--------+--------+--------+--------+-----+--------+
         Total |   3609 |   3455 |    154 |    585 |   2394 |   4 |  902.2 |
       Dungeon |   3609 |   3455 |    154 |    585 |   2394 |   4 |  902.2 |
               +--------+--------+--------+--------+--------+-----+--------+

Top non-repeatable levels by time:
     D:4: 1252 daAuts
     D:3: 1182 daAuts
     D:2: 643 daAuts
     D:1: 530 daAuts
